 Dungeon Crawl Stone Soup version 0.27.1 (webtiles) character file.

Game seed: 14920714982789021992

169 rel the Cutter (level 5, -6/33 HPs)
             Began as a Kobold Berserker on Aug 22, 2021.
             Was a Believer of Trog.
             Mangled by a gnoll (8 damage)
             ... on level 3 of the Dungeon.
             The game lasted 00:08:47 (3066 turns).

rel the Cutter (Kobold Berserker)                   Turns: 3066, Time: 00:08:47

Health: -6/33      AC:  3    Str: 15    XL:     5   Next: 79%
Magic:  5/5        EV: 15    Int:  8    God:    Trog [**....]
Gold:   35         SH:  0    Dex: 15    Spells: 4/4 levels left

rFire    . . .     SeeInvis .   e - +0 dagger (venom)
rCold    . . .     Faith    .   (shield restricted)
rNeg     . . .     Spirit   .   i - +0 leather armour
rPois    .         Reflect  .   (no helmet)
rElec    .         Harm     .   (no cloak)
rCorr    .         Rampage  .   (no gloves)
Will     .....                  (no boots)
Stlth    +++.......             (no amulet)
HPRegen  0.11/turn              (no ring)
MPRegen  0.09/turn              (no ring)

@: on berserk cooldown, slowed, very slow
A: small, no large weapons, nightstalker 3
a: Renounce Religion, Berserk, Trog's Hand


You were on level 3 of the Dungeon.
You worshipped Trog.
Trog was pleased with you.
You visited 1 branch of the dungeon, and saw 3 of its levels.

You collected 35 gold pieces.

Inventory:

Hand Weapons
 e - a +0 dagger of venom (weapon)
Armour
 i - a +0 leather armour (worn)
Scrolls
 a - 2 scrolls of identify {unknown}
 d - a scroll of acquirement {unknown}
 h - a scroll of enchant armour {unknown}
Potions
 b - a potion of resistance {unknown}
 f - 2 potions of lignification {unknown}
 g - 2 potions of might {unknown}
 j - a potion of heal wounds {unknown}


   Skills:
 + Level 4.2 Fighting
 + Level 5.8 Short Blades
 + Level 1.7 Armour
 + Level 3.3 Dodging
 + Level 3.1 Stealth


You had 4 spell levels left.
You didn't know any spells.
Your spell library was empty.

Dungeon Overview and Level Annotations

Branches:
Dungeon (3/15)

Altars:


Innate Abilities, Weirdness & Mutations

You are small and have problems with some larger weapons.
You are completely attuned to the shadows.


Message History

You feel a strong urge to attack something.
You are no longer berserk.
You are exhausted.
You feel yourself slow down. The orc hits you with a +0 whip.
Things that are here:
a +0 dagger; a +0 robe You hit the orc but do no damage.
The orc is poisoned.
The orc misses you.
You hit the orc.
The orc looks as sick as possible!
The orc is heavily wounded.
The orc hits you with a +0 whip.
You barely miss the orc.
The orc is heavily wounded.
You kill the orc!
Trog accepts your kill.
Items here: )) [ †.
You start resting.
A gnoll is nearby!
A gnoll is nearby!
A gnoll is nearby!
The gnoll shouts!
You hear a shout!
The gnoll hits you from afar with a +0 spear.
Things that are here:
a +0 dagger; a +0 robe The gnoll misses you.
Items here: )) [ †.
The gnoll closely misses you.
A gnoll comes into view. It is wielding a +0 vorpal spear.
The gnoll hits you with a +0 spear.
Things that are here:
a +0 dagger; a +0 robe; an orc corpse You closely miss the gnoll.
The gnoll hits you from afar with a +0 vorpal spear.
* * * LOW HITPOINT WARNING * * *
x2 The gnoll hits you with a +0 spear.
* * * LOW HITPOINT WARNING * * *
You hit the gnoll but do no damage.
The gnoll is poisoned.
The gnoll hits you from afar with a +0 vorpal spear.
* * * LOW HITPOINT WARNING * * *
x2 The gnoll hits you with a +0 spear!
You die...

#. ###...#### #...
#.##......).# #.##
..........##.# #.#
#..#...[.###.###.##
#.###..### #.##....
###..#...# #.#.....
.....g.#...g
#.......
###g#...##g
###†.... ##
##@##.## ##.)÷#
...##)))#.# ##)##
..........# #..)
##.##..)#.# #### #
##.##.# ### ....
... ## ### ## ..


You could see 2 gnolls.

Vanquished Creatures
  2 orc wizards (D:3)
  2 adders (D:2)
  4 gnolls (D:3)
  A dart slug (D:1)
  3 orcs (D:3)
  4 endoplasms (D:1)
  5 giant cockroaches
  4 goblins
  5 hobgoblins (D:1)
  5 quokkas
  5 ball pythons
  5 bats
  A frilled lizard (D:2)
  6 kobolds
  4 rats
56 creatures vanquished.

Notes
Turn   | Place    | Note
-------+----------+-------------------------------------------
     0 | D:1      | rel the Kobold Berserker began the quest for the Orb.
     0 | D:1      | Reached XP level 1. HP: 14/14 MP: 1/1
   173 | D:1      | Found a faded altar of an unknown god.
   308 | D:1      | Reached XP level 2. HP: 15/19 MP: 2/2
   661 | D:1      | Reached XP level 3. HP: 23/24 MP: 3/3
   989 | D:1      | Reached ** piety under Trog
  1266 | D:1      | Reached skill level 5 in Short Blades
  1275 | D:1      | HP: 1/24 [frozen (5)]
  2004 | D:2      | Reached skill level 1 in Stealth
  2004 | D:2      | Reached XP level 4. HP: 13/29 MP: 4/4
  2711 | D:3      | Reached XP level 5. HP: 25/33 MP: 5/5
  3066 | D:3      | Mangled by a gnoll

Illustrated notes

Levels and vault maps discovered:
D:1:      amcnicky_arrival_wind_blow, layout_basic,
          hellmonk_ecumenical_altar_slurped_away
D:2:      layout_basic
D:3:      layout_loops_ring

Skill      XL: |  1  2  3  4  5 |
---------------+----------------+-----
Short Blades   | 5 |  5.8
Stealth        | 1 2 3 |  3.1
Fighting       | 4 |  4.2
Dodging        | 3 |  3.3
Armour         | |  1.7

Action                   |  1- 3 |  4- 6 || total
-------------------------+-------+-------++-------
Melee: Short sword       |    58 |       ||    58
       Dagger            |    39 |    68 ||   107
Invok: Berserk           |     3 |     2 ||     5
  Use: Potion            |     2 |     1 ||     3
 Stab: Sleeping          |     2 |     3 ||     5
Armor: Animal skin       |    17 |       ||    17
       Leather armour    |       |    12 ||    12
Dodge: Dodged            |    73 |    49 ||   122
